MLB
WASHINGTON NATIONALS @ SEATTLE MARINERS
10/22/2024
 
TOP OF THE 1ST
Washington Nationals batting - Pitching for Seattle Mariners : RHP Gerrit Cole
Pitching: RHP Gerrit Cole
Batting: SHB Geraldo Perdomo 0-0: Called Strike
0-1: Ball
1-1: Fly out, F7 (Flyball, 7, EV 98.1 MPH)
Batting: LHB Andrew Benintendi 0-0: Ball
1-0: Ball
2-0: DOUBLE (Flyball, 8RXD, EV 110.6 MPH)
Batting: LHB Nolan Gorman 0-0: Ball
1-0: Ball
2-0: Ball
3-0: Called Strike
3-1: Base on Balls
Batting: RHB Andrew McCutchen 0-0: Ball
1-0: Called Strike
Andrew Benintendi steals 3rd base
Nolan Gorman to second
1-1: Foul Ball, location: 3F
1-2: Ball
2-2: Foul Ball, location: 25F
2-2: Fly out, F8 (Flyball, 8LM, EV 87.5 MPH)
Runner from 3rd tags up, SCORES, no throw by CF
Batting: LHB Brandon Crawford 0-0: Foul Ball, location: 2F
0-1: Ball
1-1: Called Strike
1-2: Strikes out looking
Top of the 1st over - 1 run, 1 hit, 0 errors, 1 left on base; Washington 1 - Seattle 0
BOTTOM OF THE 1ST
Seattle Mariners batting - Pitching for Washington Nationals : LHP DL Hall
Pitching: LHP DL Hall
Batting: RHB Donovan Solano 0-0: Ball
1-0: Ball
2-0: Called Strike
2-1: Ball
3-1: Called Strike
3-2: Foul Ball, location: 5DF
3-2: SINGLE (Line Drive, 7S, EV 98.1 MPH)
Batting: RHB Mookie Betts 0-0: Grounds into double play, 5-4-3 (Groundball, 56S, EV 76.9 MPH)
Batting: SHB Ketel Marte 0-0: Foul Ball, location: 2RF
0-1: Ball
1-1: Swinging Strike
1-2: Foul Ball, location: 2F
1-2: Foul Ball, location: 25F
1-2: Ground out 6-3 (Groundball, 56, EV 106.9 MPH)
Bottom of the 1st over - 0 runs, 1 hit, 0 errors, 0 left on base; Washington 1 - Seattle 0
TOP OF THE 2ND
Washington Nationals batting - Pitching for Seattle Mariners : RHP Gerrit Cole
Batting: RHB Manuel Margot 0-0: Called Strike
0-1: Ball
1-1: Foul Ball, location: 3SF
1-2: Ball
2-2: Foul Ball, location: 2F
2-2: Strikes out swinging
Batting: LHB Anthony Rizzo 0-0: Ball
1-0: Swinging Strike
1-1: Hit by Pitch
Batting: RHB Luis Campusano 0-0: SINGLE (Flyball, 34D, EV 90.0 MPH)
Anthony Rizzo to second
Anthony Rizzo to third
Batting: SHB Vidal Brujan 0-0: Ball
1-0: Ball
2-0: Ground out U3 (Groundball, 3S, EV 71.9 MPH)
Anthony Rizzo scores
Luis Campusano to second
Batting: SHB Geraldo Perdomo 0-0: Ball
1-0: Reached on error, E3 (Groundball, 3, EV 90.6 MPH)
Luis Campusano to third
Batting: LHB Andrew Benintendi 0-0: Called Strike
0-1: Ball
1-1: Ball
2-1: Foul Ball, location: 23F
2-2: Ball
3-2: Base on Balls
Geraldo Perdomo to second
Batting: LHB Nolan Gorman 0-0: Ball
1-0: Ball
2-0: Swinging Strike
2-1: Fly out, F5 (Popup, P, EV 81.3 MPH)
Top of the 2nd over - 1 run, 1 hit, 1 error, 3 left on base; Washington 2 - Seattle 0
BOTTOM OF THE 2ND
Seattle Mariners batting - Pitching for Washington Nationals : LHP DL Hall
Batting: RHB Manny Machado 0-0: Called Strike
0-1: Ball
1-1: Called Strike
1-2: Fly out, F8 (Flyball, 8LM, EV 93.8 MPH)
Batting: LHB Vinnie Pasquantino 0-0: Ball
1-0: Called Strike
1-1: Ball
2-1: Foul Ball, location: 3F
2-2: Fly out, F5 (Popup, 5SF, EV 75.6 MPH)
Batting: SHB Jonah Heim 0-0: Foul Ball, location: 25F
0-1: Ball
1-1: Swinging Strike
1-2: Strikes out looking
Bottom of the 2nd over - 0 runs, 0 hits, 0 errors, 0 left on base; Washington 2 - Seattle 0
TOP OF THE 3RD
Washington Nationals batting - Pitching for Seattle Mariners : RHP Gerrit Cole
Batting: RHB Andrew McCutchen 0-0: Ball
1-0: Ball
2-0: Ball
3-0: Base on Balls
Batting: LHB Brandon Crawford 0-0: Ball
1-0: Foul Ball, location: 2F
1-1: Grounds into double play, 6-4-3 (Groundball, 6, EV 86.3 MPH)
Batting: RHB Manuel Margot 0-0: Ball
1-0: Foul Ball, location: 2F
1-1: Ball
2-1: Ball
3-1: Ground out 6-3 (Groundball, 6, EV 109.4 MPH)
Top of the 3rd over - 0 runs, 0 hits, 0 errors, 0 left on base; Washington 2 - Seattle 0
BOTTOM OF THE 3RD
Seattle Mariners batting - Pitching for Washington Nationals : LHP DL Hall
Batting: RHB Teoscar Hernandez 0-0: Ball
1-0: SINGLE (Groundball, 34D, EV 102.5 MPH)
Batting: RHB Nick Ahmed 0-0: Bunted foul
0-1: Bunted foul
0-2: Ball
1-2: Foul Ball, location: 2F
1-2: Ball
2-2: Ball
3-2: Base on Balls
Teoscar Hernandez to second
Batting: RHB Cristian Pache Balk!
Teoscar Hernandez to third
Nick Ahmed to second
0-0: Swinging Strike
0-1: Called Strike
0-2: Ball
1-2: DOUBLE (Line Drive, 5D, EV 98.1 MPH)
Teoscar Hernandez scores
Nick Ahmed scores
Batting: RHB Donovan Solano 0-0: Ball
1-0: Ball
2-0: Called Strike
2-1: Foul Ball, location: 9LDF
2-2: Strikes out looking
Batting: RHB Mookie Betts 0-0: Ball
1-0: Ball
2-0: Ball
3-0: Called Strike
3-1: Base on Balls
Batting: SHB Ketel Marte 0-0: Ball
1-0: Ball
2-0: Swinging Strike
2-1: Foul Ball, location: 3DF
2-2: Foul Ball, location: 5SF
2-2: Strikes out swinging
Batting: RHB Manny Machado 0-0: Called Strike
0-1: Ball
1-1: Swinging Strike
1-2: Ball
2-2: Strikes out swinging
Bottom of the 3rd over - 2 runs, 2 hits, 0 errors, 2 left on base; Washington 2 - Seattle 2
TOP OF THE 4TH
Washington Nationals batting - Pitching for Seattle Mariners : RHP Gerrit Cole
Batting: LHB Anthony Rizzo 0-0: Ball
1-0: Ball
2-0: Foul Ball, location: 2F
2-1: Foul Ball, location: 2F
2-2: Fly out, F7 (Flyball, 7D, EV 89.4 MPH)
Batting: RHB Luis Campusano 0-0: Swinging Strike
0-1: Foul Ball, location: 9LMF
0-2: Strikes out swinging
Batting: SHB Vidal Brujan 0-0: Swinging Strike
0-1: Ball
1-1: Ball
2-1: Swinging Strike
2-2: Ball
3-2: Fly out, F8 (Flyball, 8LS, EV 96.9 MPH)
Top of the 4th over - 0 runs, 0 hits, 0 errors, 0 left on base; Washington 2 - Seattle 2
BOTTOM OF THE 4TH
Seattle Mariners batting - Pitching for Washington Nationals : LHP DL Hall
Batting: LHB Vinnie Pasquantino 0-0: Called Strike
0-1: Ball
1-1: Called Strike
1-2: Ball
2-2: Ball
3-2: Fly out, F3 (Popup, 23F, EV 83.1 MPH)
Batting: SHB Jonah Heim 0-0: Called Strike
0-1: Foul Ball, location: 23FF
0-2: Foul Ball, location: 2F
0-2: Fly out, F4 (Popup, 34D, EV 64.4 MPH)
Batting: RHB Teoscar Hernandez 0-0: Called Strike
0-1: Ground out U3 (Groundball, 34, EV 88.8 MPH)
Bottom of the 4th over - 0 runs, 0 hits, 0 errors, 0 left on base; Washington 2 - Seattle 2
TOP OF THE 5TH
Washington Nationals batting - Pitching for Seattle Mariners : RHP Gerrit Cole
Batting: SHB Geraldo Perdomo 0-0: Called Strike
0-1: Ball
1-1: SINGLE (Groundball, 5S, EV 63.8 MPH) (infield hit)
Batting: LHB Andrew Benintendi 0-0: Bunted foul
0-1: Bunted foul
0-2: Foul Ball, location: 9LSFF
0-2: Ball
1-2: Ball
2-2: Strikes out swinging
Batting: LHB Nolan Gorman 0-0: Ball
Geraldo Perdomo steals 2nd base
1-0: Called Strike
1-1: Ball
2-1: Ball
3-1: Base on Balls
Batting: RHB Andrew McCutchen 0-0: Ball
1-0: SINGLE (Line Drive, 89S, EV 105.0 MPH)
Geraldo Perdomo to third
Nolan Gorman to second
Runner from 3rd tries for Home, SAFE, throw by RF to home
Batting: LHB Brandon Crawford 0-0: Ball
1-0: Ball
2-0: Ball
3-0: Called Strike
3-1: Foul Ball, location: 7LSF
3-2: SINGLE (Line Drive, 56D, EV 99.4 MPH)
Nolan Gorman to third
Andrew McCutchen to second
Pitching: RHP Joel Payamps
Batting: RHB Manuel Margot 0-0: Ball
1-0: Ball
2-0: Ball
3-0: Called Strike
3-1: Base on Balls
Nolan Gorman scores
Andrew McCutchen to third
Brandon Crawford to second
Batting: LHB Anthony Rizzo 0-0: Called Strike
0-1: Called Strike
0-2: SINGLE (Groundball, 34D, EV 107.5 MPH)
Andrew McCutchen scores
Brandon Crawford to third
Manuel Margot to second
Runner from 3rd tries for Home, SAFE, throw by RF to home
Batting: RHB Luis Campusano 0-0: Foul Ball, location: 9LMF
0-1: Ball
1-1: Ball
2-1: Swinging Strike
2-2: Strikes out looking
Batting: SHB Vidal Brujan 0-0: Called Strike
0-1: Ball
1-1: Called Strike
1-2: Ball
2-2: Foul Ball, location: 3FF
2-2: Foul Ball, location: 7LSF
2-2: Foul Ball, location: 23FF
2-2: Fly out, F4 (Popup, 34S, EV 79.4 MPH)
Top of the 5th over - 4 runs, 4 hits, 0 errors, 2 left on base; Washington 6 - Seattle 2
BOTTOM OF THE 5TH
Seattle Mariners batting - Pitching for Washington Nationals : LHP DL Hall
Batting: RHB Nick Ahmed 0-0: Swinging Strike
0-1: Ball
1-1: Ball
2-1: Foul Ball, location: 2F
2-2: Foul Ball, location: 25F
2-2: Foul Ball, location: 9LSF
2-2: Ball
3-2: Base on Balls
Pitching: RHP Griffin Jax
Batting: RHB Cristian Pache 0-0: Ball
1-0: Ball
2-0: SINGLE (Line Drive, 34D, EV 109.4 MPH)
Nick Ahmed to second
Batting: RHB Donovan Solano 0-0: Swinging Strike
0-1: Foul Ball, location: 2F
0-2: DOUBLE (Flyball, 8LD, EV 103.1 MPH)
Nick Ahmed scores
Cristian Pache to third
Batting: RHB Mookie Betts 0-0: Called Strike
0-1: Ball
1-1: Foul Ball, location: 9LDF
1-2: Ball
2-2: Strikes out swinging
Batting: SHB Ketel Marte 0-0: Ball
1-0: Fielders Choice at home, 3-2 (Groundball, 34S, EV 71.3 MPH)
Donovan Solano to third
Batting: RHB Manny Machado 0-0: Ball
1-0: Fly out, F7 (Flyball, 7, EV 84.4 MPH)
Bottom of the 5th over - 1 run, 2 hits, 0 errors, 2 left on base; Washington 6 - Seattle 3
TOP OF THE 6TH
Washington Nationals batting - Pitching for Seattle Mariners : RHP Joel Payamps
Batting: SHB Geraldo Perdomo 0-0: Called Strike
0-1: Foul Ball, location: 25F
0-2: Ball
1-2: Foul Ball, location: 7LMF
1-2: Ball
2-2: Foul Ball, location: 7LMF
2-2: Ball
3-2: Foul Ball, location: 2F
3-2: Fly out, F8 (Flyball, 8RD, EV 105.6 MPH)
Batting: LHB Andrew Benintendi 0-0: Called Strike
0-1: Ball
1-1: Fly out, F4 (Line Drive, 34, EV 66.9 MPH)
Pitching: RHP Bailey Ober
Batting: LHB Nolan Gorman 0-0: Ball
1-0: Ball
2-0: Called Strike
2-1: Ball
3-1: Base on Balls
Batting: RHB Andrew McCutchen 0-0: Ball
1-0: Ball
2-0: Ball
3-0: Base on Balls
Nolan Gorman to second
Batting: LHB Brandon Crawford 0-0: Ball
1-0: Ball
2-0: Ball
3-0: Called Strike
3-1: Swinging Strike
3-2: Foul Ball, location: 23F
3-2: Ground out 4-3 (Groundball, 4, EV 78.8 MPH)
Top of the 6th over - 0 runs, 0 hits, 0 errors, 2 left on base; Washington 6 - Seattle 3
BOTTOM OF THE 6TH
Seattle Mariners batting - Pitching for Washington Nationals : RHP Griffin Jax
Batting: LHB Vinnie Pasquantino 0-0: Foul Ball, location: 7LSF
0-1: Called Strike
0-2: Foul Ball, location: 3F
0-2: Foul Ball, location: 2F
0-2: Ball
1-2: Ball
2-2: Foul Ball, location: 3FF
2-2: Ball
3-2: Foul Ball, location: 2F
3-2: SINGLE (Groundball, 34D, EV 103.1 MPH)
Pitching: LHP Will Smith
Batting: SHB Jonah Heim 0-0: Ball
1-0: Ball
2-0: Called Strike
2-1: Ball
3-1: Foul Ball, location: 2RF
3-2: Fly out, F9 (Flyball, 9, EV 78.8 MPH)
Batting: RHB Teoscar Hernandez 0-0: Ball
1-0: Ball
2-0: Ball
3-0: Base on Balls
Vinnie Pasquantino to second
Batting: RHB Nick Ahmed 0-0: SINGLE (Groundball, 56, EV 90.6 MPH)
Vinnie Pasquantino to third
Teoscar Hernandez to second
Batting: RHB Cristian Pache 0-0: Ball
1-0: SINGLE (Line Drive, 9LM, EV 104.4 MPH)
Vinnie Pasquantino scores
Teoscar Hernandez to third
Nick Ahmed to second
Runner from 3rd tries for Home, throw by RF and OUT! 9-2
Nick Ahmed to third
Cristian Pache to second
Batting: RHB Donovan Solano 0-0: Foul Ball, location: 2F
0-1: Ball
1-1: Swinging Strike
1-2: Fly out, F8 (Flyball, 8RS, EV 89.4 MPH)
Bottom of the 6th over - 1 run, 3 hits, 0 errors, 2 left on base; Washington 6 - Seattle 4
TOP OF THE 7TH
Washington Nationals batting - Pitching for Seattle Mariners : RHP Bailey Ober
Batting: RHB Manuel Margot 0-0: Ground out 4-3 (Groundball, 4, EV 86.3 MPH)
Batting: LHB Anthony Rizzo 0-0: Called Strike
0-1: Foul Ball, location: 2F
0-2: Ball
1-2: Foul Ball, location: 2F
1-2: Strikes out swinging
Batting: RHB Luis Campusano 0-0: Called Strike
0-1: Ball
1-1: Called Strike
1-2: Strikes out looking
Top of the 7th over - 0 runs, 0 hits, 0 errors, 0 left on base; Washington 6 - Seattle 4
BOTTOM OF THE 7TH
Seattle Mariners batting - Pitching for Washington Nationals : LHP Will Smith
Pitching: RHP Ben Joyce
Batting: RHB Mookie Betts 0-0: Called Strike
0-1: Fly out, F7 (Line Drive, 7D, EV 105.0 MPH)
Batting: SHB Ketel Marte 0-0: Ball
1-0: Foul Ball, location: 5F
1-1: Ball
2-1: Ball
3-1: Base on Balls
Batting: RHB Manny Machado 0-0: Called Strike
0-1: DOUBLE (Line Drive, 78D, EV 103.8 MPH)
Ketel Marte to third
Batting: LHB Vinnie Pasquantino 0-0: Ball
1-0: Foul Ball, location: 7LMF
1-1: Fly out, F8 (Flyball, 89S, EV 80.6 MPH)
Runner from 3rd tags up, SCORES, throw by CF
Manny Machado to third
Batting: SHB Jonah Heim 0-0: Called Strike
0-1: Foul Ball, location: 23F
0-2: Strikes out swinging
Bottom of the 7th over - 1 run, 1 hit, 0 errors, 1 left on base; Washington 6 - Seattle 5
TOP OF THE 8TH
Washington Nationals batting - Pitching for Seattle Mariners : RHP Bailey Ober
Pitching: RHP Ryan Pressly
Batting: SHB Vidal Brujan 0-0: Ball
1-0: Ball
2-0: Called Strike
2-1: Ball
3-1: Called Strike
3-2: Foul Ball, location: 9LMF
3-2: Strikes out swinging
Batting: SHB Geraldo Perdomo 0-0: Ball
1-0: Swinging Strike
1-1: Ball
2-1: Fly out, F7 (Line Drive, 78M, EV 95.6 MPH)
Batting: LHB Andrew Benintendi 0-0: Swinging Strike
0-1: Ball
1-1: Swinging Strike
1-2: Ball
2-2: Foul Ball, location: 9LSF
2-2: Ball
3-2: Foul Ball, location: 2F
3-2: Base on Balls
Batting: LHB Nolan Gorman 0-0: Called Strike
0-1: Ball
1-1: Ball
2-1: Foul Ball, location: 7LMFF
Pickoff Play to 1st, Runner tries for 2nd, OUT after rundown.
Top of the 8th over - 0 runs, 0 hits, 0 errors, 0 left on base; Washington 6 - Seattle 5
BOTTOM OF THE 8TH
Seattle Mariners batting - Pitching for Washington Nationals : RHP Ben Joyce
Pitching: RHP Scott Barlow
Batting: RHB Teoscar Hernandez 0-0: Called Strike
0-1: Fly out, F3 (Flyball, 3D, EV 96.3 MPH)
Pinch Hitting: LHB Jake Cave 0-0: Foul Ball, location: 7LSF
0-1: Called Strike
0-2: Strikes out swinging
Pinch Hitting: LHB Daulton Varsho 0-0: Called Strike
0-1: Ball
1-1: DOUBLE (Line Drive, 78M, EV 96.9 MPH)
Batting: RHB Donovan Solano 0-0: Ball
1-0: Called Strike
1-1: Foul Ball, location: 25F
1-2: Ball
2-2: Strikes out looking
Bottom of the 8th over - 0 runs, 1 hit, 0 errors, 1 left on base; Washington 6 - Seattle 5
TOP OF THE 9TH
Washington Nationals batting - Pitching for Seattle Mariners : RHP Ryan Pressly
Pitching: RHP Felix Bautista
Now at SS: Mookie Betts
Now in CF: Daulton Varsho
Now in RF: Jake Cave
Batting: LHB Nolan Gorman 0-0: Ball
1-0: Ball
2-0: Foul Ball, location: 2F
2-1: Foul Ball, location: 23F
2-2: SOLO HOME RUN (Flyball, 89XD, EV 103.1 MPH), Distance : 400 ft
Batting: RHB Andrew McCutchen 0-0: Foul Ball, location: 2F
0-1: Ground out 6-3 (Groundball, 6, EV 78.8 MPH)
Batting: LHB Brandon Crawford 0-0: Foul Ball, location: 23F
0-1: Ball
1-1: Foul Ball, location: 7LSF
1-2: Foul Ball, location: 3SF
1-2: Strikes out swinging
Batting: RHB Manuel Margot 0-0: Foul Ball, location: 9LMF
0-1: Ball
1-1: Ball
2-1: Ground out 6-3 (Groundball, 6, EV 93.1 MPH)
Top of the 9th over - 1 run, 1 hit, 0 errors, 0 left on base; Washington 7 - Seattle 5
BOTTOM OF THE 9TH
Seattle Mariners batting - Pitching for Washington Nationals : RHP Scott Barlow
Pitching: LHP Aroldis Chapman
Batting: RHB Mookie Betts 0-0: Foul Ball, location: 2F
0-1: Ball
1-1: Ball
2-1: Fly out, F9 (Flyball, 9S, EV 92.5 MPH)
Batting: SHB Ketel Marte 0-0: Called Strike
0-1: Swinging Strike
0-2: Foul Ball, location: 5SF
0-2: Strikes out swinging
Batting: RHB Manny Machado 0-0: Foul Ball, location: 3DF
0-1: Foul Ball, location: 2F
0-2: Foul Ball, location: 2F
0-2: SINGLE (Line Drive, 8RS, EV 110.0 MPH)
Batting: LHB Vinnie Pasquantino 0-0: Ball
1-0: Fly out, F7 (Flyball, 7LM, EV 106.3 MPH)
Bottom of the 9th over - 0 runs, 1 hit, 0 errors, 1 left on base; Washington 7 - Seattle 5
Friday, December 27th , 2024 - OOTP Baseball 25.11 Build 101